 Dungeon Crawl Stone Soup version 0.31-a0-1612-g4aaf141 (webtiles) character file.

Game seed: 6999299123582537832

2596 Ozzieoiler the Mimic (level 9, -15/44 HPs)
             Began as a Black Draconian Shapeshifter on Jan 9, 2024.
             Was an Elder of Fedhas.
             Demolished by a +2 short sword of speed (16 damage)
             ... on level 4 of the Abyss.
             The game lasted 00:32:12 (9006 turns).

Ozzieoiler the Mimic (Black Draconian Shapeshifter) Turns: 9006, Time: 00:32:13

Health: -15/44     AC:  9    Str: 16      XL:     9   Next: 33%
Magic:  7/7        EV: 20    Int: 16      God:    Fedhas [****..]
Gold:   442        SH:  0    Dex:  8 (11) Spells: 9/10 levels left

rFire   x x          .
                       - Unarmed
rCold   . . .        (shield currently unavailable)
rNeg    . . .        (body armour unavailable)
rPois   .            (helmet restricted)
rElec   +            (no cloak)
rCorr   .            w - +1 pair of gloves {Dex+3}
SInv    .            (no boots)
Will    +....        (no amulet)
Stlth   +            s - +6 ring of intelligence
HPRegen 0.00/turn    j - +5 ring of evasion
MPRegen 0.10/turn

%: random rage (9%)
@: about to teleport, flux-form, enlightened, fragile (+50% incoming damage),
flying, inhibited regen, glowing
A: glow, contaminating, breathe lightning, AC +7, unfitting armour, electricity
resistance, cold-blooded, [berserk 2], [clumsy 2], [deterioration 2], [frail 3],
[low MP 3], [inhibited regeneration], [weak 2], [heat vulnerability 2], [subdued
magic 2], [inability to drink after injury 2], [persistent drain]
a: Breathe Lightning, Begin Untransformation, Renounce Religion, Wall of Briars,
Grow Ballistomycete, Overgrow


You were on level 4 of the Abyss.
You worshipped Fedhas.
Fedhas was greatly pleased with you.
You were something dangerously unstable.
You visited 1 branch of the dungeon, and saw 7 of its levels.
You visited the Abyss 1 time.
You also visited: Sewer.

You collected 442 gold pieces.

Inventory:

Armour
 w - a +1 pair of gloves of dexterity (worn)
Jewellery
 h - a ring of protection from cold
 j - a +5 ring of evasion (right hand)
 s - a +6 ring of intelligence (left hand)
Talismans
 b - a beast talisman
 c - a flux talisman (active)
Wands
 n - a wand of polymorph (6)
 r - a wand of paralysis (16) (quivered)
 v - a wand of flame (15)
Scrolls
 d - 2 scrolls of vulnerability
 f - a scroll of teleportation
 g - 2 scrolls of poison
 i - a scroll of revelation
 k - a scroll of blinking
 p - a scroll of fog {unknown}
 q - 2 scrolls of fear {unknown}
 t - a scroll of silence {unknown}
Potions
 a - a potion of lignification
 e - 3 potions of mutation
 l - 3 potions of brilliance
 m - 2 potions of haste
 o - a potion of enlightenment


   Skills:
 - Level 1.1 Fighting
 - Level 1.7 Dodging
 - Level 3.0 Unarmed Combat
 + Level 1.3 Spellcasting
 + Level 4.5 Earth Magic
 + Level 1.0 Evocations
 * Level 10.7 Shapeshifting


You had 9 spell levels left.
You knew the following spells:

 Your Spells              Type           Power      Damage    Failure   Level
a - Sandblast             Erth           18%        2d7       1%          1

Your spell library contained the following spells:

 Spells                   Type           Power      Damage    Failure   Level
 Passwall                 Erth           9%         N/A       7%          3
 Stone Arrow              Conj/Erth      10%        3d7       19%         3
 Brom's Barrelling Bould  Conj/Erth      5%         2d3       56%         4
 Lee's Rapid Deconstruct  Erth           4%         3d5*      58%         5
 Summon Lightning Spire   Summ/Air       0%         N/A       88%         4
 Lehudib's Crystal Spear  Conj/Erth      2%         10d2      100%        8
 Animate Armour           Summ/Erth      Unusable   N/A       N/A         4

Dungeon Overview and Level Annotations

Branches:
Dungeon (7/15)             Temple (0/1) D:6           Sewer (visited)

Altars:
Ashenzari
Cheibriados
Dithmenos
Elyvilon
Fedhas
Kikubaaqudgha
Nemelex Xobeh
Ru
Sif Muna
Vehumet
Yredelemnul
Zin
The Shining One

Shops:
D:4 =


Innate Abilities, Weirdness & Mutations

You are something dangerously unstable.
You glow with magical radiation, making you easy to see and hit.
Foes you strike become dangerously contaminated with magical radiation.
You are incapable of wielding weapons or throwing items.
You can breathe wild blasts of lightning.
Your glossy black scales are hard. (AC +7)
You cannot fit into any form of body armour.
You are resistant to electric shocks. (rElec)
You are cold-blooded and may be slowed by cold attacks.
[You have an uncontrollable temper.]
[You are very clumsy. (Dex -4)]
[Your body often deteriorates upon taking damage.]
[You are extremely frail. (-30% HP)]
[Your magical capacity is extremely low. (-30% MP)]
[You do not regenerate when monsters are visible.]
[You are very weak. (Str -4)]
[You are very vulnerable to heat. (rF--)]
[Your spells are easier to cast, but less powerful.]
[You sometimes lose the ability to drink potions when taking damage.]
[Your health recovers twice as slowly from being drained.]


Message History

The great orb of eyes pulsates ominously.
Tentacles burst from the starspawn's body!
The wretched star pulses with an eldritch light!
You feel less energetic.
You feel clumsy. x2 2 starspawn tentacles come into view.
The +2 short sword of speed attacks as it pursues you!
The +2 short sword of speed hits you.
The +2 short sword of speed hits you but does no damage.
The +2 short sword of speed hits you.
* * * LOW HITPOINT WARNING * * *
The great orb of eyes gazes at you.
Your mind is blasted!
* * * LOW HITPOINT WARNING * * *
The wretched star pulses with an eldritch light!
You feel frail. The starspawn tentacle grabs you.
The starspawn tentacle constricts you.
You feel better. The +2 short sword of speed hits you.
The +2 short sword of speed barely misses you.
The great orb of eyes gazes at you.
You struggle to resist.
The starspawn tentacle constricts you.
The wretched star pulses with an eldritch light!
You occasionally lose the ability to drink potions when taking damage.
You lose the ability to drink potions when taking damage more often.
The +2 short sword of speed misses you.
You escape the starspawn tentacle's grasp.
The +2 short sword of speed attacks as it pursues you!
The +2 short sword of speed hits you!
* * * LOW HITPOINT WARNING * * *
Your body deteriorates!
You feel clumsy. The +2 short sword of speed hits you.
* * * LOW HITPOINT WARNING * * *
The great orb of eyes gazes at you.
Your body becomes as fragile as glass!
The wretched star pulses with an eldritch light!
Your regeneration stops near monsters.
It was a potion of enlightenment.
You feel very buoyant.
You fly up into the air.
The +2 short sword of speed hits you!
You die...
Fedhas appreciates your contribution to the ecosystem.

#. .###.
..§##
....
.....##
*.#
#...#..#
#.─X#
#│#│#
#X#│#
#G(w#
#.p##
####


You could see a tentacled starspawn, a wretched star, a great orb of eyes, a
large abomination, a starspawn tentacle and a +2 short sword of speed.

Vanquished Creatures
  Grinder (D:3)
  Duvessa (D:4)
  A water moccasin (D:6)
  An orc warrior (D:7)
  A black bear (D:6)
  5 ogres
  A centaur (D:5)
  2 phantoms
  3 kobold brigands (Sewer)
  A scorpion (D:4)
  3 wights (D:6)
  Dowan (D:4)
  A gnoll bouda (D:5)
  4 hounds
  4 jellies
  4 iguanas
  Natasha (twice) (D:3)
  Robin (D:3)
  17 gnolls
  13 adders
  5 river rats
  A shadow imp (D:7)
  A white imp (D:7)
  2 ufetubi (D:6)
  2 ribbon worms (Sewer)
  2 dart slugs
  5 orcs
  4 bats
  9 endoplasms
  5 giant cockroaches
  8 hobgoblins
  10 jackals
  15 kobolds
  7 quokkas
  11 ball pythons
  3 frilled lizards
  19 goblins
  7 rats
183 creatures vanquished.

Vanquished Creatures (others)
  3 starspawn tentacles (Abyss:4)
3 creatures vanquished.

Grand Total: 186 creatures vanquished

Notes
Turn   | Place    | Note
-------+----------+-------------------------------------------
     0 | D:1      | Ozzieoiler the Draconian Shapeshifter began the quest for
                  | the Orb.
     0 | D:1      | Reached XP level 1. HP: 16/16 MP: 1/1
   128 | D:1      | Reached XP level 2. HP: 13/23 MP: 2/2
   267 | D:1      | Reached skill level 4 in Shapeshifting
   292 | D:1      | Found a faded altar of an unknown god.
   337 | D:1      | Reached XP level 3. HP: 27/28 MP: 3/3
  1072 | D:2      | Found a blossoming altar of Fedhas.
  1088 | D:2      | Became a worshipper of Fedhas Madash
  1269 | D:2      | Reached XP level 4. HP: 31/35 MP: 4/4
  1312 | D:2      | Learned a level 1 spell: Sandblast
  1769 | D:3      | Noticed Robin
  1794 | D:3      | Killed Robin
  1794 | D:3      | Reached * piety under Fedhas
  1795 | D:3      | Reached skill level 5 in Shapeshifting
  1874 | D:3      | Found a white marble altar of Elyvilon.
  1874 | D:3      | Found a glowing silver altar of Zin.
  1874 | D:3      | Found a glowing golden altar of the Shining One.
  2016 | D:3      | Found a glowing drain.
  2020 | Sewer    | Entered a sewer
  2022 | Sewer    | Noticed a kobold brigand
  2034 | Sewer    | Reached XP level 5. HP: 40/40 MP: 5/5
  2045 | Sewer    | Reached skill level 1 in Earth Magic
  2405 | Sewer    | Reached skill level 6 in Shapeshifting
  2405 | Sewer    | Reached XP level 6. HP: 16/47 MP: 4/6
  2988 | D:3      | Noticed Natasha
  2992 | D:3      | Killed Natasha
  3045 | D:3      | Found a sparkling altar of Nemelex Xobeh.
  3152 | D:3      | Reached ** piety under Fedhas
  3522 | D:3      | Found a sacrificial altar of Ru.
  3529 | D:3      | Found a snail-covered altar of Cheibriados.
  3681 | D:3      | Found an ancient bone altar of Kikubaaqudgha.
  3773 | D:3      | Found a radiant altar of Vehumet.
  3773 | D:3      | Found a basalt altar of Yredelemnul.
  3773 | D:3      | Found a shimmering blue altar of Sif Muna.
  3773 | D:3      | Noticed Natasha
  3785 | D:3      | Noticed Grinder
  3823 | D:3      | Paralysed by Grinder for 4 turns
  3832 | D:3      | Killed Grinder
  3833 | D:3      | Reached skill level 7 in Shapeshifting
  3833 | D:3      | Your scales start taking on a glossy black colour.
  3833 | D:3      | Reached XP level 7. HP: 52/52 MP: 4/7
  3833 | D:3      | Gained mutation: You are resistant to electric shocks.
                  | (rElec) [Black Draconian growth]
  3973 | D:3      | Killed Natasha
  3980 | D:3      | Found a broken altar of Ashenzari.
  3980 | D:3      | Found a shadowy altar of Dithmenos.
  4034 | D:4      | Noticed Dowan
  4036 | D:4      | Noticed Duvessa
  4591 | D:4      | Reached skill level 8 in Shapeshifting
  4706 | D:4      | Killed Duvessa
  4706 | D:4      | Reached *** piety under Fedhas
  4707 | D:4      | Reached XP level 8. HP: 38/59 MP: 8/8
  4724 | D:4      | Killed Dowan
  4861 | D:4      | Found Ugehybb's Jewellery Shop.
  5469 | D:5      | Entered Level 5 of the Dungeon
  5633 | D:5      | Reached skill level 9 in Shapeshifting
  6800 | D:6      | Reached skill level 10 in Shapeshifting
  6975 | D:6      | Reached XP level 9. HP: 49/64 MP: 6/9
  7418 | D:6      | Reached **** piety under Fedhas
  7428 | D:6      | Found a staircase to the Ecumenical Temple.
  7552 | D:6      | Reached skill level 1 in Evocations
  8259 | D:7      | Reached skill level 1 in Spellcasting
  8605 | Abyss:1  | Cast into level 1 of the Abyss (gnoll sergeant)
  8621 | Abyss:1  | Noticed an ancient zyme
  8753 | Abyss:4  | Found a corrupted altar of Lugonu.
  8776 | Abyss:4  | Noticed a tentacled starspawn
  8802 | Abyss:4  | Noticed a great orb of eyes
  8832 | Abyss:4  | Noticed a starcursed mass
  8856 | Abyss:4  | Noticed an ancient zyme
  8889 | Abyss:4  | Noticed a large abomination
  8976 | Abyss:4  | Noticed a wretched star
  8987 | Abyss:4  | Noticed a +2 short sword of speed
  8989 | Abyss:4  | Noticed a large abomination
  9000 | Abyss:4  | Noticed a tentacled starspawn
  9001 | Abyss:4  | Noticed a great orb of eyes
  9005 | Abyss:4  | HP: 1/44 [+2 short sword of speed (3)]
  9006 | Abyss:4  | Demolished by a +2 short sword of speed

Illustrated notes

Levels and vault maps discovered:
D:1:      co_arrival_random_square_maze, layout_basic,
          shapermc_ecumenical_altar_petra
D:2:      layout_basic, serial_curves, eino_curves_04, eino_curves_02,
          basic_altar
D:3:      layout_loops_corners, dreamdust_divine_triumvirate,
          nemelex_diamond_rough_becter, minmay_overflow_temple_hex,
          amethyst_overflow_temple_binary, gup_sewer_entry_bowl, uniq_natasha,
          uniq_grinder, uniq_robin
D:4:      kennysheep_six_static_rooms, layout_layer_cave, serial_shops,
          nicolae_stop_n_shop_1, minmay_statues_item, kennysheep_nondescript,
          uniq_duvessa
D:5:      layout_basic
D:6:      layout_loops_corners, minmay_temple_entry_statues_pillars
D:7:      layout_basic
Abyss:4:  base: D:3, spicy_abyss_helpful_harpoons, hangedman_abyss_sting,
          nicolae_abyss_rune_left_handed, evilmike_abyss_rune_ettins,
          hangedman_abyss_theft, hangedman_abyss_theft,
          spicy_abyss_planar_alliance

Skill      XL: |  1  2  3  4  5  6  7  8  9 |
---------------+----------------------------+-----
Shapeshifting  | 4 5 6 7 8 10 | 10.7
Earth Magic    | 1 2 4 |  4.5
Evocations     | 1 |  1.0
Spellcasting   | 1 |  1.3
Fighting       | |  1.1
Dodging        | |  1.7
Unarmed Combat | |  3.0

Action                     |  1- 3 |  4- 6 |  7- 9 || total
---------------------------+-------+-------+-------++-------
  Melee: Unarmed           |   107 |   216 |   296 ||   619
         Tailslap          |     4 |    20 |    60 ||    84
         Punch             |       |     5 |     3 ||     8
   Cast: Sandblast         |       |    23 |    33 ||    56
Ability: Breathe Lightning |       |       |     1 ||     1
  Evoke: Wand              |       |     1 |     3 ||     4
    Use: Scroll            |     4 |     2 |     7 ||    13
         Potion            |       |     1 |     6 ||     7
   Stab: Sleeping          |     1 |       |       ||     1
         Paralysed         |       |     7 |    12 ||    19
 Armour: Skin              |    51 |    78 |   150 ||   279
  Dodge: Dodged            |    73 |   173 |   349 ||   595
   Form: Beast             |     1 |       |       ||     1
         Flux              |       |       |     1 ||     1

Table legend: (Time is in decaauts)
 A = Elapsed time spent in this place.
 B = Non-inter-level travel time spent in this place.
 C = Inter-level travel time spent in this place.
 D = Time resting spent in this place.
 E = Time spent auto-exploring this place.
 F = Levels seen in this place.
 G = Mean time per level.
                   A        B        C        D        E       F      G
               +--------+--------+--------+--------+--------+-----+--------+
         Total |   9095 |   8947 |    148 |   2355 |   3514 |  12 |  757.9 |
       Dungeon |   7664 |   7516 |    148 |   1665 |   3383 |   7 | 1094.9 |
         Abyss |    400 |    400 |      0 |    116 |      0 |   4 |  100.0 |
         Sewer |   1030 |   1030 |      0 |    574 |    130 |   1 | 1030.0 |
               +--------+--------+--------+--------+--------+-----+--------+

Top non-repeatable levels by time:
     D:3: 1566 daAuts
     D:4: 1428 daAuts
     D:5: 1186 daAuts
     D:6: 1126 daAuts
   Sewer: 1030 daAuts
     D:1: 881 daAuts
     D:2: 762 daAuts
     D:7: 712 daAuts
 Abyss:4: 253 daAuts
 Abyss:1: 110 daAuts
 Abyss:2: 22 daAuts
 Abyss:3: 13 daAuts
